 Dungeon Crawl Stone Soup version 0.31-a0-321-g19405a7a6a (webtiles) character file.

Game seed: 16239009219410937020

29 LeprechaunX the Changeling (level 3, -2/25 HPs)
             Began as an Octopode Shapeshifter on July 17, 2023.
             Slain by Robin
             ... wielding a +0 spear
              (5 damage)
             ... on level 2 of the Dungeon.
             The game lasted 00:01:22 (1084 turns).

LeprechaunX the Changeling (Octopode Shapeshifter)  Turns: 1084, Time: 00:01:22

Health: -2/25      AC:  1    Str: 16    XL:     3   Next: 16%
Magic:  3/3        EV: 13    Int: 10    God:
Gold:   72         SH:  0    Dex: 12    Spells: 2/2 levels left

rFire   . .          .
                       - Unarmed
rCold   . . .        (no shield)
rNeg    . . .        (helmet currently unavailable)
rPois   .            (no amulet)
rElec   .            (no ring)
rCorr   .            (no ring)
SInv    .            (no ring)
Will    .....        (no ring)
Stlth   ++           (no ring)
HPRegen 0.24/turn    (no ring)
MPRegen 0.08/turn    (no ring)
                     (no ring)

%: no passive effects
@: beast-form
A: beast (slay +2), almost no armour, amphibious, 8 rings, camouflage 1,
gelatinous body 1, (nimble swimmer 1), tentacles
a: Begin Untransformation


You were on level 2 of the Dungeon.
You were a hulking beast.
You visited 1 branch of the dungeon, and saw 2 of its levels.

You collected 72 gold pieces.

Inventory:

Missiles
 i - 4 poisoned darts
Talismans
 b - a beast talisman
 h - a blade talisman
 j - a maw talisman
Scrolls
 d - a scroll of noise {unknown}
 f - a scroll of summoning {unknown}
Potions
 a - a potion of lignification
 c - 2 potions of mutation {unknown}
 e - 2 potions of curing {unknown}
 g - a potion of berserk rage {unknown}


   Skills:
 + Level 2.3 Fighting
 + Level 2.3 Dodging
 + Level 2.3 Unarmed Combat
 * Level 3.3 Shapeshifting


You had 2 spell levels left.
You didn't know any spells.
Your spell library was empty.

Dungeon Overview and Level Annotations

Branches:
Dungeon (2/15)

Altars:

Annotations:
D:2 Robin


Innate Abilities, Weirdness & Mutations

You are a hulking beast.
Your limbs bulge with bestial killing power. (Slay +2)
You cannot wear most types of armour.
You are amphibious.
You can wear up to eight rings at the same time.
Your skin changes colour to match your surroundings (Stealth+).
Your rubbery body absorbs attacks. (AC +1, EV +1)
((You are camouflaged when in or above water. (Stealth+)))
You have tentacles for arms and can constrict up to eight enemies at once.


Message History

You tentacle-slap the goblin.
You kill the goblin!
You have reached level 3!
Your experience leads to an increase in your attributes!
Increase (S)trength, (I)ntelligence, or (D)exterity?
You feel stronger. x2
Save game and exit? [Y]es or [N]o only, please.
Save game and exit? [Y]es or [N]o only, please.
Save game and exit?
Okay, then.
You bludgeon the goblin!
You kill the goblin!
You closely miss the goblin. Your grab misses the goblin.
The goblin no longer looks unusually strong.
The goblin misses you.
You barely miss the goblin. You grab the goblin. You constrict the goblin.
The goblin hits you with a +0 dagger.
Robin roars a battlecry!
The goblin goes into a battle-frenzy!
You hear a shout!
You tentacle-slap the goblin. You squeeze the goblin.
You kill the goblin!
You tentacle-slap the goblin. You grab the goblin. You squeeze the goblin.
You kill the goblin!
You tentacle-slap the goblin.
You kill the goblin!
Robin hits you from afar with a +0 spear.
The goblin shouts!
Robin hits you with a +0 spear.
Items here: )))))) †††.
You tentacle-slap Robin. Your grab misses Robin.
Robin is lightly wounded.
Robin's horned helmet rattles.
Robin throws the goblin at you! The goblin hits you with a +0 club.
* * * LOW HITPOINT WARNING * * *
You barely miss the goblin. You grab the goblin. You constrict the goblin.
Robin hits you with a +0 spear.
You die...

#...gg. #g#gg. # #.##.#
#.##.##g##.###+## #
#..g.......##...## #
####.#######.....## #
##.## ##.......## ##
##..g####.........####.
#....ghg+..<...........
##...####..............
##.## ##.......#.###.
#.# ##.[...##.# #. #.#
##...###.# ## #.# ##+##
#.# ####.# #.# #.####
#....####### #.# #.....
#..........###.##
######


You could see Robin and 2 goblins.

Vanquished Creatures
  An adder (D:2)
  2 endoplasms (D:2)
  7 goblins
  2 hobgoblins (D:2)
  A quokka (D:2)
  A ball python (D:2)
  A frilled lizard (D:1)
  4 rats
19 creatures vanquished.

Notes
Turn   | Place    | Note
-------+----------+-------------------------------------------
     0 | D:1      | LeprechaunX the Octopode Shapeshifter began the quest for
                  | the Orb.
     0 | D:1      | Reached XP level 1. HP: 14/14 MP: 1/1
   790 | D:2      | Reached XP level 2. HP: 19/19 MP: 2/2
  1061 | D:2      | Noticed Robin
  1076 | D:2      | Reached XP level 3. HP: 15/24 MP: 3/3
  1084 | D:2      | Slain by Robin

Illustrated notes

Levels and vault maps discovered:
D:1:      matt_arrival_grand_opening, layout_rooms, serial_glass,
          glass_columns_b, glass_columns_c, dreamdust_princess_corridor
D:2:      layout_loops_corners, uniq_robin, uniq_crazy_yiuf_cottage

Action                     || total
---------------------------++-------
  Melee: Unarmed           ||    35
         Constrict         ||     9
         Tentacles         ||     6
   Stab: Sleeping          ||     3
 Armour: Skin              ||     3
  Dodge: Dodged            ||    16

Table legend: (Time is in decaauts)
 A = Elapsed time spent in this place.
 B = Non-inter-level travel time spent in this place.
 C = Inter-level travel time spent in this place.
 D = Time resting spent in this place.
 E = Time spent auto-exploring this place.
 F = Levels seen in this place.
 G = Mean time per level.
                   A        B        C        D        E       F      G
               +--------+--------+--------+--------+--------+-----+--------+
         Total |   1082 |    966 |    116 |      0 |    843 |   2 |  541.0 |
       Dungeon |   1082 |    966 |    116 |      0 |    843 |   2 |  541.0 |
               +--------+--------+--------+--------+--------+-----+--------+

Top non-repeatable levels by time:
     D:1: 568 daAuts
     D:2: 514 daAuts
